 Dungeon Crawl Stone Soup version 0.26-a0-1184-g95e395e029 (webtiles) character file.

Game seed: 12735131400162105839

28 SkiChan the Sneak (level 2, 0/13 HPs)
             Began as a Spriggan Enchanter on Dec 28, 2020.
             Slain by a rat (2 damage)
             ... on level 2 of the Dungeon.
             The game lasted 00:01:37 (1518 turns).

SkiChan the Sneak (Spriggan Enchanter)              Turns: 1518, Time: 00:01:37

Health: 0/13       AC:  2    Str:  4    XL:     2   Next: 96%
Magic:  2/6        EV: 19    Int: 16    God:
Gold:   6          SH:  0    Dex: 16    Spells: 3/6 levels left

rFire    . . .     SeeInvis +   a - +1 dagger
rCold    . . .     Faith    .   (shield restricted)
rNeg     . . .     Spirit   .   b - +0 robe
rPois    .         Reflect  .   (helmet restricted)
rElec    .         Harm     .   (no cloak)
rCorr    .         Rampage  .   (gloves unavailable)
Will     .....                  (boots unavailable)
Stlth    +++.......             (no amulet)
HPRegen  0.04/turn              (no ring)
MPRegen  0.10/turn              (no ring)

@: very slightly contaminated, very quick
A: very small, unfitting armour, see invisible, speed 3
a: no special abilities


You were on level 2 of the Dungeon.
You visited 1 branch of the dungeon, and saw 2 of its levels.

You collected 6 gold pieces.

Inventory:

Hand Weapons
 a - a +1 dagger (weapon)
Armour
 b - a +0 robe (worn)
 g - a +0 buckler
Jewellery
 e - an uncursed ring of willpower {unknown}
Scrolls
 c - a scroll of remove curse {unknown}
 d - a scroll of enchant armour {unknown}
 f - a scroll of identify {unknown}


   Skills:
 * Level 2.0 Short Blades
 + Level 3.4 Dodging
 * Level 5.0 Stealth
 + Level 2.9 Spellcasting
 + Level 3.8 Hexes
 + Level 0.0 Ice Magic


You had 3 spell levels left.
You knew the following spells:

 Your Spells              Type           Power        Failure   Level
a - Corona                Hex            15%          3%          1
b - Ensorcelled Hibernat  Hex/Ice        16%          13%         2

Your spell library contained the following spells:

 Spells                   Type           Power        Failure   Level
 Confusing Touch          Hex            14%          12%         3
 Tukima's Dance           Hex            14%          12%         3
 Dazzling Flash           Conj/Hex       16%          26%         3


Dungeon Overview and Level Annotations

Branches:
Dungeon (2/15)

Altars:
Cheibriados


Innate Abilities, Weirdness & Mutations

You are very small and have problems with some larger weapons.
You are too small for most types of armour.
You have supernaturally acute eyesight. (SInv)
You cover ground extremely quickly.


Message History

Press: ? - help, Shift-Dir - straight line, f - rat
Aim: a rat (chance to affect: 57%)
You miscast Ensorcelled Hibernation.
You are very lightly contaminated with residual magic.
Nothing appears to happen.
The rat completely misses you. The hobgoblin closely misses you.
Casting: Ensorcelled Hibernation (safe; 13% risk of failure)
Confirm with . or Enter, or press ? or * to list all spells.
Aiming: Ensorcelled Hibernation (safe; 13% risk of failure)
Press: ? - help, Shift-Dir - straight line, f - hobgoblin, p - rat
Aim: a hobgoblin, wielding a +0 club (almost dead, chance to affect: 57%)
The hobgoblin resists with significant effort.
The rat closely misses you. The hobgoblin closely misses you.
You hit the hobgoblin but do no damage.
The hobgoblin is almost dead.
The rat barely misses you.
You hit the hobgoblin.
You kill the hobgoblin!
The rat bites you.
You die...

##### #)..#
#...# #...# .
#r..# .. #@..#
...########)..#
#..[........#
#...........#
#....<.w....#
#...≈≈≈......#
#..≈≈≈≈≈##..##
#..≈≈.≈≈_#....
##.≈≈≈≈≈##..###


You could see a dart slug and a rat.

Vanquished Creatures
  A gnoll (D:1)
  2 ball pythons (D:1)
  2 giant cockroaches (D:1)
  3 goblins (D:1)
  2 hobgoblins
  3 bats (D:1)
  A frilled lizard (D:1)
  3 kobolds (D:1)
  2 rats (D:1)
19 creatures vanquished.

Vanquished Creatures (others)
  7 toadstools (D:1)
7 creatures vanquished.

Grand Total: 26 creatures vanquished

Notes
Turn   | Place    | Note
-------+----------+-------------------------------------------
     0 | D:1      | SkiChan the Spriggan Enchanter began the quest for the Orb.
     0 | D:1      | Reached XP level 1. HP: 9/9 MP: 5/5
   347 | D:1      | Reached XP level 2. HP: 13/13 MP: 6/6
   353 | D:1      | Learned a level 2 spell: Ensorcelled Hibernation
   590 | D:1      | Reached skill level 5 in Stealth
  1506 | D:2      | Found a snail-covered altar of Cheibriados.
  1518 | D:2      | Slain by a rat

Illustrated notes

Levels and vault maps discovered:
D:1:      nagdon_arrival_double_spiral, layout_basic
D:2:      layout_basic, kennysheep_slug_shrine, chequers_ecumenical_altar_island

Skill      XL: |  1  2 |
---------------+-------+-----
Stealth        | 5 |  5.0
Short Blades   | 2 |  2.0
Dodging        | |  3.4
Spellcasting   | |  2.9
Hexes          | |  3.8

Action                   || total
-------------------------++-------
Melee: Dagger            ||    63
 Cast: Ensorcelled Hiber ||     1
 Stab: Sleeping          ||     8
Armor: Robe              ||     4
Dodge: Dodged            ||    42

Table legend: (Time is in decaauts)
 A = Elapsed time spent in this place.
 B = Non-inter-level travel time spent in this place.
 C = Inter-level travel time spent in this place.
 D = Time resting spent in this place.
 E = Time spent auto-exploring this place.
 F = Levels seen in this place.
 G = Mean time per level.
                   A        B        C        D        E       F      G
               +--------+--------+--------+--------+--------+-----+--------+
         Total |   1128 |   1094 |     34 |    100 |    873 |   2 |  564.0 |
       Dungeon |   1128 |   1094 |     34 |    100 |    873 |   2 |  564.0 |
               +--------+--------+--------+--------+--------+-----+--------+

Top non-repeatable levels by time:
     D:1: 1119 daAuts
     D:2: 9 daAuts
